 Dungeon Sprint DCSS version 0.19-a0-1731-g1e0734d (webtiles) character file.

0 Groucho the Shield-Bearer (level 1, -5/20 HPs)
             Began as a Deep Dwarf Fighter on Sept 29, 2016.
             Was an Initiate of Okawaru.
             Slain by a merfolk
             ... wielding a +0 trident
              (13 damage)
             ... in the Dungeon (Sprint V: "Ziggurat Sprint").
             The game lasted 00:02:12 (111 turns).

Groucho the Shield-Bearer (Deep Dwarf Fighter)       Turns: 111, Time: 00:02:13

Health: -5/20      AC: 26    Str: 31    XL:     1   Next: 0%
Magic:  1/1        EV:  7    Int:  8    God:    Okawaru [......]
Gold:   0          SH:  0    Dex: 12    Spells: 0 memorised, 0 levels left

rFire  . . .     SeeInvis .     a - +10 dark maul {crush}
rCold  . . .     Gourm    .     c - +15 Maxwell's patent armour {-Cast -Tele rElec MR+ rCorr}
rNeg   . . .     Faith    .     (shield currently unavailable)
rPois  .         Spirit   .     (no helmet)
rElec  +         Dismiss  .     (no cloak)
rCorr  +         Reflect  .     (no gloves)
MR     +....     Harm     .     (no boots)
Stlth  .......... NoTele   +    (no amulet) NoCast +
                                J - +6 ring of strength
                                I - +6 ring of strength

@: very slightly contaminated, non-regenerating, hasted, very quick
A: damage resistance, recharge devices, sense surroundings 1, slow regeneration
3
a: Device Recharging, Renounce Religion


You were in the Dungeon.
You worshipped Okawaru.
Okawaru was noncommittal.
You were not hungry.

You visited 1 branch

Inventory:

Hand Weapons
 a - the +10 dark maul (weapon) {crush}
   (You found it in the Dungeon)

   It inflicts extra damage upon your enemies.
 b - the +9 heavy crossbow "Sniper" {velocity, nevermiss, SInv}
   (You found it in the Dungeon)

   Any bolt fired from it inflicts extra damage.
   It lets you see invisible.
 n - a +5 triple crossbow
Missiles
 o - 1000 bolts
Armour
 c - the +15 Maxwell's patent armour (worn) {-Cast -Tele rElec MR+ rCorr}
   (You found it in the Dungeon)

   It insulates you from electricity.
   It affects your resistance to hostile enchantments.
   It prevents spellcasting.
   It prevents most forms of teleportation.
   It protects you from acid and corrosion.
 m - the +18 shield of the Gong {rElec rN+ MR+ EV-5}
   (You found it in the Dungeon)

   It affects your evasion (-5).
   It insulates you from electricity.
   It protects you from negative energy.
   It affects your resistance to hostile enchantments.
 p - a +5 gold dragon armour
Jewellery
 E - a +6 ring of dexterity
 F - a +6 ring of dexterity
 G - a +6 ring of intelligence
 H - a +6 ring of intelligence
 I - a +6 ring of strength (left hand)
 J - a +6 ring of strength (right hand)
Wands
 e - a wand of heal wounds (5/9)
 K - a wand of disintegration (7/24)
 L - a wand of iceblast (5/15)
 M - a wand of lightning (5/15)
 N - a wand of acid (5/15)
Scrolls
 l - 4 scrolls of blinking
 v - 4 scrolls of amnesia
 w - 3 scrolls of recharging
 x - 7 scrolls of fog
 y - a scroll of holy word
 z - 5 scrolls of identify
 A - 5 scrolls of remove curse
 B - 2 scrolls of fear
Potions
 d - 6 potions of might
 g - 10 potions of curing
 h - 10 potions of heal wounds
 i - 5 potions of haste
 j - 7 potions of magic
 k - 3 potions of berserk rage
 q - 2 potions of brilliance
 r - 2 potions of invisibility
 s - 4 potions of resistance
 t - a potion of experience
 u - 5 potions of agility
Comestibles
 f - 5 bread rations
 C - 42 fruits
 D - 4 meat rations


   Skills:
 * Level 2.6 Fighting
 * Level 2.0 Maces & Flails
 * Level 0.0 Crossbows
 * Level 3.2 Armour
 + Level 0.0 Dodging
 - Level 3.2 Shields
 + Level 0.0 Invocations


You couldn't memorise any spells.
You didn't know any spells.

Dungeon Overview and Level Annotations

Branches:
Dungeon (1/1)

Altars:
Ashenzari
Cheibriados
Dithmenos
Elyvilon
Fedhas
Gozag
Hepliaklqana
Kikubaaqudgha
Makhleb
Nemelex Xobeh
Okawaru
Qazlal
Ru
Sif Muna
Trog
Uskayaw
Vehumet
Xom
Yredelemnul
Zin
The Shining One
Beogh
Jiyva
Lugonu


Innate Abilities, Weirdness & Mutations

You are resistant to damage.
You can recharge devices by infusing magical energy.
You passively map a small area around you.
You do not regenerate.


Message History

You struggle against the net.
You rip the net and break free!
The merfolk hits you from afar with a trident!
The merfolk barely misses you.
Unknown command.
You barely miss the merfolk.
The merfolk hits you but does no damage.
The merfolk barely misses you. The merfolk hits you with a trident.
The merfolk hits you but does no damage.
You bludgeon the merfolk!!
The merfolk is heavily wounded.
The merfolk hits you but does no damage.
The merfolk closely misses you. The merfolk hits you with a trident!
The merfolk hits you but does no damage.
You barely miss the merfolk.
The merfolk is heavily wounded.
The merfolk hits you but does no damage.
The merfolk barely misses you. The merfolk hits you with a trident!
Ouch! That really hurt!
You die...

▓▓▓▓▓▓▓
▓.8©8.▓
,,▓.....▓
, ▓.%.".▓
, , ,
▓.mm..▓
▓..@..▓
▓.....▓ ,
▓▓▓▓▓▓▓
**** * ©
, ,, , ,
, , , ,,


You could see 2 merfolk.

Vanquished Creatures (others)
  Grinder (D)
  Jessica (D)
2 creatures vanquished.

Notes
Turn   | Place    | Note
-------+----------+-------------------------------------------
     0 | D        | Groucho the Deep Dwarf Fighter began the quest for the Orb.
     0 | D        | Reached XP level 1. HP: 20/20 MP: 1/1
    13 | D        | Found a blossoming altar of Fedhas.
    14 | D        | Found a viscous altar of Jiyva.
    14 | D        | Found an ancient bone altar of Kikubaaqudgha.
    14 | D        | Found a hazy altar of Hepliaklqana.
    14 | D        | Found a corrupted altar of Lugonu.
    14 | D        | Found an opulent altar of Gozag.
    14 | D        | Found a burning altar of Makhleb.
    20 | D        | Found an iron altar of Okawaru.
    20 | D        | Found a sparkling altar of Nemelex Xobeh.
    20 | D        | Found a stormy altar of Qazlal.
    20 | D        | Found a sacrificial altar of Ru.
    20 | D        | Found a deep blue altar of Sif Muna.
    34 | D        | Killed Grinder
    52 | D        | Killed Jessica
    61 | D        | Found a bloodstained altar of Trog.
    92 | D        | Became a worshipper of Warmaster Okawaru
   104 | D        | Entered arena 1.
   104 | D        | Noticed a merfolk
   104 | D        | Noticed a merfolk
   111 | D        | Slain by a merfolk

Vault maps used:
D:        sprint_v

Action                   || total
-------------------------++-------
Melee: Maul              ||     3
  Use: Potion            ||     1
Armor: Plate armour      ||     6
Dodge: Dodged            ||     4
